 Dungeon Crawl Stone Soup version 0.31-a0-716-gc7603755dd (webtiles) character file.

Game seed: 17566714606538584685

260 zazu2006 the Chucker (level 6, 0/44 HPs)
             Began as a Gnoll Wanderer on Sept 10, 2023.
             Slain by a gnoll
             ... wielding a +0 spear
              (3 damage)
             ... on level 5 of the Dungeon.
             The game lasted 00:05:06 (3607 turns).

zazu2006 the Chucker (Gnoll Wanderer)               Turns: 3607, Time: 00:05:08

Health: 0/44       AC:  3    Str: 12    XL:     6   Next: 17%
Magic:  11/11      EV:  6    Int: 13    God:
Gold:   201        SH:  0    Dex: 11    Spells: 10/11 levels left

rFire   . . .        m - +1 dagger (venom)
rCold   . . .        (no shield)
rNeg    . . .        e - +0 robe
rPois   .            (no helmet)
rElec   .            (no cloak)
rCorr   .            (no gloves)
SInv    .            f - +0 pair of boots
Will    .....        (no amulet)
Stlth   ++           (no ring)
HPRegen 0.27/turn    (no ring)
MPRegen 0.12/turn

%: no passive effects
@: attractive, held, invisible
A: fangs 1, strong nose, distributed training
a: no special abilities


You were on level 5 of the Dungeon.
You visited 1 branch of the dungeon, and saw 5 of its levels.

You collected 201 gold pieces.

Inventory:

Hand Weapons
 a - a +0 rapier
 c - a +0 dagger
 g - a +0 dagger of speed
 m - a +1 dagger of venom (weapon)
Missiles
 b - 10 poisoned darts (quivered)
 i - 2 throwing nets
Armour
 e - a +0 robe (worn)
 f - a +0 pair of boots (worn)
Jewellery
 l - an amulet of regeneration
Scrolls
 d - a scroll of fear
 h - a scroll of enchant armour {unknown}
 k - 7 scrolls of identify {unknown}
 p - a scroll of noise {unknown}
 q - a scroll of enchant weapon {unknown}
Potions
 o - a potion of haste


   Skills:
 + Level 1.9 Fighting
 + Level 4.9 Short Blades
 + Level 1.9 Long Blades
 + Level 1.9 Axes
 + Level 1.9 Maces & Flails
 + Level 1.9 Polearms
 + Level 1.9 Staves
 + Level 1.9 Ranged Weapons
 + Level 6.8 Throwing
 + Level 1.9 Armour
 + Level 3.2 Dodging
 + Level 3.0 Stealth
 + Level 1.9 Shields
 + Level 1.9 Unarmed Combat
 + Level 3.4 Spellcasting
 + Level 4.1 Conjurations
 + Level 1.5 Hexes
 + Level 1.5 Summonings
 + Level 1.5 Necromancy
 + Level 1.5 Translocations
 + Level 1.5 Transmutations
 + Level 1.5 Fire Magic
 + Level 1.5 Ice Magic
 + Level 1.5 Air Magic
 + Level 1.5 Earth Magic
 + Level 1.5 Poison Magic
 + Level 2.1 Invocations
 + Level 1.9 Evocations
 + Level 1.7 Shapeshifting


You had 10 spell levels left.
You knew the following spells:

 Your Spells              Type           Power      Damage    Failure   Level
a - Magic Dart            Conj           48%        1d5       4%          1

Your spell library contained the following spells:

 Spells                   Type           Power      Damage    Failure   Level
 Cigotuvi's Dreadful Rot  Necr/Pois/Air  12%        N/A       19%         2
 Hailstorm                Conj/Ice       9%         3d4       22%         3
 Dispel Undead            Necr           6%         3d8       75%         4
 Death Channel            Necr           3%         N/A       100%        6


Dungeon Overview and Level Annotations

Branches:
Dungeon (5/15)             Temple (0/1) D:5

Altars:
Uskayaw


Innate Abilities, Weirdness & Mutations

You have very sharp teeth.
Your uncanny sense of smell can sniff out nearby items.
Your experience applies equally to all skills.


Message History

A gnoll comes into view. It is wielding a +0 halberd.
The hound bites you.
* * * LOW HITPOINT WARNING * * *
The gnoll throws a throwing net.
The throwing net hits you.
You become entangled in the net!
A gnoll comes into view. It is wielding a +0 whip.
The hound bites you.
* * * LOW HITPOINT WARNING * * *
There is a stone staircase leading up here.
You see here a throwing net.
It was a potion of attraction.
You feel attractive to monsters. The hound bites you.
* * * LOW HITPOINT WARNING * * *
The howler monkey hoots and howls with incredible vigour!
You hear a shout! x2
The howler monkey is attracted toward you.
The gnoll is attracted toward you. The orc is attracted toward you.
The gnoll is attracted toward you. x2
It was a potion of heal wounds.
You feel much better. The hound bites you. The gnoll barely misses you.
The white imp gestures at you. The puff of frost hits you!
The hound barely misses you. The gnoll is attracted toward you.
The ogre is attracted toward you.
It was a potion of magic.
Magic courses through your body.
The gnoll hits you from afar with a +0 halberd!
The gnoll hits you from afar with a +0 spear.
* * * LOW HITPOINT WARNING * * *
The gnoll barely misses you. The white imp hits you.
* * * LOW HITPOINT WARNING * * *
The white imp freezes you.
* * * LOW HITPOINT WARNING * * *
The hound bites you but does no damage.
It was a potion of invisibility.
You fade into invisibility!
The hound closely misses you. The gnoll barely misses you.
The gnoll hits you with a +0 whip.
* * * LOW HITPOINT WARNING * * *
The gnoll hits you from afar with a +0 spear.
You die...

........#.# #...#
........#.# #.####....
........... ..........
...#.##.####.........
..........##.###....#
#.####.##......##....##
#..............##......
#.####.##......#..#..##
#.....@hhO..[....##..##
#...#.g5g.#§.#..###h...
#.. #§go..#.g#..# #..##
#. #.....#..#..# #....
# #.....#..#..# ##.##
...§...#.o#..# #.#
..#.....#....## #....
..##.####..#.# #....
.....#.# #....


You could see an ogre (unable to see you), a howler monkey (unable to see you),
a hound, 3 gnolls, a white imp (unable to see you) and an orc (unable to see
you).

Vanquished Creatures
  2 scorpions
  A sleepcap (D:4)
  An iguana (D:4)
  An adder (D:2)
  5 worms
  4 dart slugs
  An orc (D:4)
  6 bats
  4 endoplasms
  3 giant cockroaches (D:3)
  8 goblins
  3 hobgoblins
  2 quokkas (D:1)
  2 ball pythons
  12 kobolds
  4 rats
59 creatures vanquished.

Notes
Turn   | Place    | Note
-------+----------+-------------------------------------------
     0 | D:1      | zazu2006 the Gnoll Wanderer began the quest for the Orb.
     0 | D:1      | zazu2006 set off with the following items: a +0 rapier, 14
                  | poisoned darts, a +0 dagger, a scroll of fear, a +0 robe;
                  | and the following spell memorised: Magic Dart; and the
                  | following spells available to memorise: Hailstorm.
     0 | D:1      | Reached XP level 1. HP: 13/13 MP: 4/4
   108 | D:1      | Found Buvvom's Book Shop.
   222 | D:1      | Reached XP level 2. HP: 18/19 MP: 5/5
   945 | D:1      | Reached XP level 3. HP: 25/25 MP: 7/7
  1302 | D:2      | Reached skill level 1 in Invocations
  1481 | D:2      | Reached skill level 1 in Fighting
  1481 | D:2      | Reached skill level 1 in Long Blades
  1481 | D:2      | Reached skill level 1 in Axes
  1481 | D:2      | Reached skill level 1 in Maces & Flails
  1481 | D:2      | Reached skill level 1 in Polearms
  1481 | D:2      | Reached skill level 1 in Staves
  1481 | D:2      | Reached skill level 1 in Ranged Weapons
  1481 | D:2      | Reached skill level 1 in Armour
  1481 | D:2      | Reached skill level 1 in Shields
  1481 | D:2      | Reached skill level 1 in Unarmed Combat
  1481 | D:2      | Reached skill level 1 in Evocations
  1765 | D:2      | Reached XP level 4. HP: 30/32 MP: 8/8
  1953 | D:3      | Reached skill level 1 in Shapeshifting
  2607 | D:4      | Identified the +1 trident "Baiplit" {freeze, rPois Str+6}
  2682 | D:4      | Noticed a +0 spear
  2682 | D:4      | Noticed a +0 dagger
  2682 | D:4      | Noticed a +0 short sword
  2683 | D:4      | Noticed a +0 dagger
  2683 | D:4      | Noticed a +0 short sword
  2684 | D:4      | Noticed a +0 spear
  2684 | D:4      | Noticed a +0 falchion
  2685 | D:4      | Noticed a +0 falchion
  2699 | D:4      | Found a hide-covered altar of Uskayaw.
  2808 | D:4      | Noticed a scorpion
  2831 | D:4      | Killed a scorpion
  2832 | D:4      | Reached skill level 1 in Hexes
  2832 | D:4      | Reached skill level 1 in Summonings
  2832 | D:4      | Reached skill level 1 in Necromancy
  2832 | D:4      | Reached skill level 1 in Translocations
  2832 | D:4      | Reached skill level 1 in Transmutations
  2832 | D:4      | Reached skill level 1 in Fire Magic
  2832 | D:4      | Reached skill level 1 in Ice Magic
  2832 | D:4      | Reached skill level 1 in Air Magic
  2832 | D:4      | Reached skill level 1 in Earth Magic
  2832 | D:4      | Reached skill level 1 in Poison Magic
  2832 | D:4      | Reached XP level 5. HP: 16/37 MP: 9/9
  3523 | D:5      | Entered Level 5 of the Dungeon
  3550 | D:5      | Reached XP level 6. HP: 44/44 MP: 9/11
  3570 | D:5      | Found a staircase to the Ecumenical Temple.
  3576 | D:5      | Noticed an orc warrior
  3607 | D:5      | Slain by a gnoll

Illustrated notes

Levels and vault maps discovered:
D:1:      dpeg_chamrin_arrival_tetris, layout_basic, serial_shops, shop,
          minmay_bisected
D:2:      layout_basic
D:3:      layout_basic, due_unseen_surprise
D:4:      layout_basic, nicolae_uskayaw_en_pointe
D:5:      layout_basic, kennysheep_okawaru_gauntlet,
          chequers_temple_overflow_statue_of_worship, temple_pool_b

Skill      XL: |  1  2  3  4  5 |
---------------+----------------+-----
Invocations    | 1 2 |  2.1
Fighting       | 1 |  1.9
Long Blades    | 1 |  1.9
Axes           | 1 |  1.9
Maces & Flails | 1 |  1.9
Polearms       | 1 |  1.9
Staves         | 1 |  1.9
Ranged Weapons | 1 |  1.9
Armour         | 1 |  1.9
Shields        | 1 |  1.9
Unarmed Combat | 1 |  1.9
Evocations     | 1 |  1.9
Shapeshifting  | 1 |  1.7
Spellcasting   | 3 |  3.4
Hexes          | 1 |  1.5
Summonings     | 1 |  1.5
Necromancy     | 1 |  1.5
Translocations | 1 |  1.5
Transmutations | 1 |  1.5
Fire Magic     | 1 |  1.5
Ice Magic      | 1 |  1.5
Air Magic      | 1 |  1.5
Earth Magic    | 1 |  1.5
Poison Magic   | 1 |  1.5
Dodging        | 3 |  3.2
Conjurations   | 4 |  4.1
Stealth        | 3 |  3.0
Short Blades   | |  4.9
Throwing       | |  6.8

Action                     |  1- 3 |  4- 6 || total
---------------------------+-------+-------++-------
  Melee: Rapier            |   101 |    80 ||   181
         Bite              |     8 |    11 ||    19
         Punch             |     2 |       ||     2
         Dagger            |       |     3 ||     3
  Throw: Dart              |    17 |    19 ||    36
    Use: Potion            |       |     9 ||     9
   Stab: Sleeping          |     8 |     3 ||    11
         Distracted        |       |     1 ||     1
 Armour: Robe              |    42 |    62 ||   104
  Dodge: Dodged            |    44 |    49 ||    93

Table legend: (Time is in decaauts)
 A = Elapsed time spent in this place.
 B = Non-inter-level travel time spent in this place.
 C = Inter-level travel time spent in this place.
 D = Time resting spent in this place.
 E = Time spent auto-exploring this place.
 F = Levels seen in this place.
 G = Mean time per level.
                   A        B        C        D        E       F      G
               +--------+--------+--------+--------+--------+-----+--------+
         Total |   3568 |   3223 |    345 |      0 |   2614 |   5 |  713.6 |
       Dungeon |   3568 |   3223 |    345 |      0 |   2614 |   5 |  713.6 |
               +--------+--------+--------+--------+--------+-----+--------+

Top non-repeatable levels by time:
     D:1: 1154 daAuts
     D:4: 913 daAuts
     D:3: 784 daAuts
     D:2: 634 daAuts
     D:5: 82 daAuts
